[Event "Late-Titled-Tuesday-Blitz-April-30-2024"]
[Site "Chess.com"]
[Date "2024.04.30"]
[Round "2"]
[White "amintabatabaei"]
[Black "Oleg_Papayan"]
[Result "1-0"]
[WhiteElo "3108"]
[BlackElo "2645"]
[TimeControl "180+1"]
[EndTime "14:17:20 PDT"]
[Termination "amintabatabaei won by checkmate"]

1. Nf3 Nf6 2. c4 e6 3. b3 d5 4. Bb2 c5 5. e3 Nc6 6. cxd5 Nxd5 7. Nc3 Nf6 8. Bb5 Qb6 9. Ne5 Bd7 10. Nxd7 Nxd7 11.
O-O Be7 12. Rc1 O-O 13. Qe2 a6 14. Bd3 Nce5 15. Bb1 Rfd8 16. f4 Ng6 17. f5 exf5 18.
Rxf5 Nf6 19. Rcf1 Qd6 20. Rxf6 gxf6 21. Ne4 Qe6 22. Qh5 Rd5 23. Qh6 Rf5 24. Rxf5 Qxf5 25. Nxf6+ Qxf6 26. Bxf6 Bxf6 27. h4 Bg7 28. Qg5 h6 29.
Qxc5 Rd8 30. Bxg6 fxg6 31. d4 b5 32. Qe7 Rc8 33. Qe6+ Kh7 34. Qxc8 g5 35. Qxa6 gxh4 36. Qxb5 h3 37. Qd3+ Kg8 38. gxh3 Kf7 39. a4 Bf6 40. d5 Ke7 41. Qf1 Be5 42. a5 h5 43. a6 h4 44. Qb5 Bd6 45. Qc6 Kf6 46. a7 Kf5 47.
a8=Q Ke4 48. Qae8+ Kf3 49. Qf7+ Kg3 50. Qg6+ Kxh3 51.
Qd7# 1-0

[Event "Late-Titled-Tuesday-Blitz-April-30-2024"]
[Site "Chess.com"]
[Date "2024.04.30"]
[Round "2"]
[White "dimitrisl"]
[Black "shrek4life02"]
[Result "0-1"]
[WhiteElo "2436"]
[BlackElo "2711"]
[TimeControl "180+1"]
[EndTime "14:17:22 PDT"]
[Termination "shrek4life02 won by resignation"]

1. e4 e6 2. d4 d5 3. Nc3 Nf6 4. e5 Nfd7 5. f4 c5 6. Nf3 Nc6 7. Be3 a6 8. Qd2 b5 9. Ne2 cxd4 10. Nexd4 Nxd4 11. Nxd4 Bb7 12. Bd3 Nc5 13. O-O g6 14. g4 Qh4 15. Qg2 h5 16. g5 Qg4 17. Rae1 Qxg2+ 18. Kxg2 Rc8 19. Rd1 b4 20. Kf2 Be7 21. Rd2 O-O 22. Nb3 Na4 23. Na5 Ba8 24. Bxa6 Rc7 25. Rb1 Nc5 26. Bd3 Rd8 27. Nb3 Nxb3 28. axb3 d4 0-1

[Event "Late-Titled-Tuesday-Blitz-April-30-2024"]
[Site "Chess.com"]
[Date "2024.04.30"]
[Round "2"]
[White "vugarrasulov"]
[Black "Road2GM3000"]
[Result "1-0"]
[WhiteElo "2968"]
[BlackElo "2522"]
[TimeControl "180+1"]
[EndTime "14:17:22 PDT"]
[Termination "vugarrasulov won by resignation"]

1. d4 d5 2. c4 c6 3. Nc3 Nf6 4. e3 a6 5. Nf3 Bf5 6. Qb3 Ra7 7. Bd2 e6 8. Nh4 Bg6 9. Be2 Nbd7 10. Nxg6 hxg6 11.
O-O-O Be7 12. Qc2 dxc4 13. Bxc4 b5 14. Be2 c5 15. dxc5 Nxc5 16. Kb1 Rc7 17. Bc1 Qc8 18. Bf3 Na4 19. Rd3 Nxc3+ 20. Rxc3 Rxc3 21. Qxc3 Qxc3 22.
bxc3 Kd7 23. h3 Nd5 24. Rd1 Kc6 25. Kc2 Rd8 26. Kb3 Kb6 27. e4 Nc7 28. Be3+ Kb7 29.
e5+ Kb8 30. Rxd8+ Bxd8 31. Bc5 g5 32. c4 bxc4+ 33. Kxc4 Nb5 34. a4 Nc7 35. Bd6 Kc8 36. Kc5 Ne8 37. Bf8 Bc7 38. Bc6 Kd8 39. Bxe8 Kxe8 40.
Bxg7 Kd7 41. Bf6 Bb8 42. Kb6 Bc7+ 43. Kxa6 Kc6 44. g4 Bb8 45. a5 Bc7 46. f3 Bb8 47.
Bxg5 Bxe5 48. h4 f5 49. gxf5 exf5 50. h5 Bh8 51. h6 Bd4 52. h7 Bg7 53. Be3 Bf6 54. Ka7 Kc7 55. a6 Bg7 56. Bf4+ Kc6 57. Kb8 1-0

[Event "Late-Titled-Tuesday-Blitz-April-30-2024"]
[Site "Chess.com"]
[Date "2024.04.30"]
[Round "2"]
[White "Rakitic2010"]
[Black "oskariot"]
[Result "0-1"]
[WhiteElo "2522"]
[BlackElo "2738"]
[TimeControl "180+1"]
[EndTime "14:17:23 PDT"]
[Termination "oskariot won by checkmate"]

1. e4 c5 2. Nf3 e6 3. d4 cxd4 4. Nxd4 Nf6 5. Nc3 d6 6. f4 Nc6 7. Be3 Be7 8. Qf3 e5 9. Nxc6 bxc6 10. h3 Qa5 11. Be2 O-O 12. O-O exf4 13. Bxf4 Be6 14.
Rad1 Nd7 15. Qh5 Qb6+ 16. Kh1 Qxb2 17. Rd3 Ne5 18. Rg3 Ng6 19. Bd3 Qxc3 20. e5 Qc5 21.
Qe2 Nxf4 22. Rxf4 Qxe5 23. Qf3 f5 24. Qf2 Rab8 25. Re3 Rb1+ 26. Kh2 Qf6 27. c4 d5 28. Bxb1 Bd6 29. cxd5 Bxd5 30. g3 Bxf4 31. Qxf4 Qb2+ 32. Bc2 Qxc2+ 33. Re2 Qxe2+ 34. Qf2 Qxf2# 0-1

[Event "Late-Titled-Tuesday-Blitz-April-30-2024"]
[Site "Chess.com"]
[Date "2024.04.30"]
[Round "2"]
[White "Dr_Pepper18"]
[Black "erugee"]
[Result "0-1"]
[WhiteElo "2497"]
[BlackElo "2305"]
[TimeControl "180+1"]
[EndTime "14:17:23 PDT"]
[Termination "erugee won on time"]

1. Nf3 d6 2. d4 Nf6 3. b3 g6 4.
Bb2 Bg7 5. e3 O-O 6. Be2 b6 7.
O-O Bb7 8. c4 Nbd7 9. Nc3 Re8 10. Qc2 a6 11. Rfd1 e6 12. b4 Qe7 13. Rab1 e5 14.
dxe5 Nxe5 15. Nxe5 dxe5 16. a3 Rad8 17. Rxd8 Rxd8 18. Rd1 h5 19. h3 Rxd1+ 20. Qxd1 Ne4 21. Nxe4 Bxe4 22. Qd2 Qd6 23. Qxd6 cxd6 24. c5 dxc5 25. bxc5 b5 26. Bf3 Bxf3 27. gxf3 f6 28. Bc3 Kf7 29. Kf1 Ke6 30. e4 Kd7 31. Ke2 g5 32. Kd3 Kc6 33. Bd2 Kxc5 34. Be3+ Kc6 35. Bd2 Bf8 36. Bb4 Bc5 0-1

[Event "Late-Titled-Tuesday-Blitz-April-30-2024"]
[Site "Chess.com"]
[Date "2024.04.30"]
[Round "2"]
[White "Mischuk_D"]
[Black "dennisodessa"]
[Result "1-0"]
[WhiteElo "2805"]
[BlackElo "2550"]
[TimeControl "180+1"]
[EndTime "14:17:26 PDT"]
[Termination "Mischuk_D won by resignation"]

1. d4 Nf6 2. c4 e6 3. Nf3 Bb4+ 4. Bd2 a5 5. g3 O-O 6. Bg2 d5 7.
a3 Bxd2+ 8. Nbxd2 c5 9. dxc5 d4 10. b4 Na6 11. Rb1 Re8 12. O-O e5 13. Ng5 Bf5 14. Nge4 Nxe4 15. Nxe4 Qc7 16. Rb2 Bxe4 17.
Bxe4 g6 18. Qd3 axb4 19. axb4 Nb8 20. e3 Nc6 21. Bxc6 Qxc6 22. exd4 exd4 23. Qxd4 Re4 24. Qd5 Ra4 25. Qxc6 bxc6 26. Rc1 Kf8 27. b5 Re8 28. Kg2 Rb8 29. Kf3 Ke7 30. Ke3 Ra5 31. Rcb1 Ra4 32. Kd4 Kd8 33. bxc6 Rxb2 34. Rxb2 Kc7 35.
Rb7+ Kxc6 36. Rxf7 Ra2 37. h4 h5 38. Rf6+ Kc7 39. Ke3 1-0

[Event "Late-Titled-Tuesday-Blitz-April-30-2024"]
[Site "Chess.com"]
[Date "2024.04.30"]
[Round "2"]
[White "jefferyx"]
[Black "Evan_Attaker"]
[Result "1-0"]
[WhiteElo "3093"]
[BlackElo "2639"]
[TimeControl "180+1"]
[EndTime "14:17:28 PDT"]
[Termination "jefferyx won by checkmate"]

1. d4 c5 2. d5 g6 3. e4 Bg7 4.
Nc3 d6 5. Nf3 Nf6 6. Be2 O-O 7.
Nd2 Na6 8. O-O Nc7 9. a4 Bd7 10. Nc4 Rb8 11. Bf4 b5 12. axb5 Bxb5 13. Nxb5 Nxb5 14.
Bd3 Nd7 15. c3 Qc7 16. Na5 Rb6 17. Nc4 Rbb8 18. Na5 Rb6 19. Nc6 e5 20. Bd2 Ra8 21. Qe2 Qb7 22. Na5 Qb8 23. Nc4 Rb7 24. Ra6 Bf8 25. Na5 Nc7 26. Nxb7 Qxb7 27. Ra2 Nb6 28. Rfa1 Kg7 29. Ba6 Nxa6 30. Rxa6 Nd7 31. b4 cxb4 32. cxb4 Nf6 33. f3 h5 34. b5 Rc8 35. Be3 Rc3 36. Rxa7 Qb8 37. b6 Rb3 38. Ra8 Qb7 39. R1a7 Rb1+ 40. Kf2 Qd7 41. Rxd7 Nxd7 42. Qc2 Rh1 43. b7 Rxh2 44. Qc8 Nf6 45. Qxf8+ Kh7 46. Qxf7# 1-0

[Event "Late-Titled-Tuesday-Blitz-April-30-2024"]
[Site "Chess.com"]
[Date "2024.04.30"]
[Round "2"]
[White "cthake"]
[Black "Nick12772"]
[Result "0-1"]
[WhiteElo "1863"]
[BlackElo "2432"]
[TimeControl "180+1"]
[EndTime "14:17:28 PDT"]
[Termination "Nick12772 won on time"]

1. c4 Nf6 2. Nc3 d5 3. d4 g6 4.
cxd5 Nxd5 5. e4 Nxc3 6. bxc3 Bg7 7. Bc4 c5 8. Ne2 Nc6 9. Be3 O-O 10. O-O Qc7 11. d5 Rd8 12. Qc1 Ne5 13. Bb3 b6 14. f4 Ng4 15. Bd2 Ba6 16. c4 Bxa1 17. Qxa1 Nf6 18.
Ng3 b5 19. e5 bxc4 20. exf6 cxb3 21. fxe7 Qxe7 22. Re1 Qd7 23. Bc3 Re8 24. Rxe8+ Rxe8 25. Bh8 Re1+ 26. Qxe1 Kxh8 27. Qc3+ Kg8 28. Qxb3 Bb7 29. Qc4 Qxd5 30. Qxd5 Bxd5 0-1

[Event "Late-Titled-Tuesday-Blitz-April-30-2024"]
[Site "Chess.com"]
[Date "2024.04.30"]
[Round "2"]
[White "Jimonios"]
[Black "DanielNaroditsky"]
[Result "0-1"]
[WhiteElo "2630"]
[BlackElo "3042"]
[TimeControl "180+1"]
[EndTime "14:17:31 PDT"]
[Termination "DanielNaroditsky won by resignation"]

1. c4 Nf6 2. Nc3 g6 3. g3 d6 4. Bg2 Bg7 5. e4 O-O 6. Nge2 c5 7. O-O Nc6 8. d3 Bg4 9. h3 Bxe2 10. Nxe2 Nd7 11.
Rb1 a6 12. a3 b5 13. cxb5 axb5 14. e5 Rc8 15. e6 fxe6 16. Qb3 d5 17. Qxb5 Nd4 18.
Nxd4 Bxd4 19. Bh6 Rb8 20. Qa4 Rf5 21. g4 Rf7 22. Qc2 Ne5 23. Kh1 Qd6 24. f4 Nc6 25.
Qe2 Bg7 26. Bxg7 Kxg7 27. Qe3 Rbf8 28. Rbe1 Nd4 29. Rf2 Rxf4 30. Rxf4 Qxf4 31. b4 Qxe3 32. Rxe3 cxb4 33. axb4 Rb8 34. g5 Rxb4 35. Kh2 Rb2 36. h4 Nf5 37. Rh3 e5 38. Kg1 e6 39. Bf3 Rd2 40. Bg4 Nd4 41. Kf1 Nf5 42. h5 gxh5 43.
Bxh5 e4 44. dxe4 dxe4 45. Bg4 Kg6 46. Be2 Kxg5 47. Rh5+ Kf4 48. Kf2 Rxe2+ 49. Kxe2 Ng3+ 50. Kf2 Nxh5 51. Ke1 e3 0-1

[Event "Late-Titled-Tuesday-Blitz-April-30-2024"]
[Site "Chess.com"]
[Date "2024.04.30"]
[Round "2"]
[White "gmcorrales"]
[Black "Valiyev_Shahin"]
[Result "1-0"]
[WhiteElo "2826"]
[BlackElo "2561"]
[TimeControl "180+1"]
[EndTime "14:17:31 PDT"]
[Termination "gmcorrales won by resignation"]

1. e4 c5 2. Nf3 d6 3. d4 cxd4 4.
Nxd4 Nf6 5. Nc3 a6 6. g3 e5 7. Nde2 Be7 8. Bg2 b5 9. O-O Nbd7 10. a4 b4 11. Nd5 Nxd5 12. Qxd5 Nb6 13. Qd2 a5 14. b3 O-O 15. Rd1 Bg4 16. h3 Be6 17.
Bb2 Rc8 18. Rac1 Qd7 19. Kh2 h6 20. Qe3 Qb7 21. f4 Rc5 22. Rd2 Rfc8 23. h4 Bg4 24.
Ng1 Nd7 25. Qf2 Nf6 26. Qe1 Qc7 27. Nf3 exf4 28. gxf4 Nh5 29. Qe3 Bf8 30. Nd4 Qe7 31. Qf2 g6 32. Nb5 Bg7 33. Bxg7 Kxg7 34. Nxd6 Rc3 35. Nxc8 Ng3 36. Nxe7 1-0

[Event "Late-Titled-Tuesday-Blitz-April-30-2024"]
[Site "Chess.com"]
[Date "2024.04.30"]
[Round "2"]
[White "vanyakuba"]
[Black "Harsha_Bharathakoti"]
[Result "0-1"]
[WhiteElo "2427"]
[BlackElo "2903"]
[TimeControl "180+1"]
[EndTime "14:17:31 PDT"]
[Termination "Harsha_Bharathakoti won by resignation"]

1. e4 g6 2. d4 Bg7 3. Nc3 d6 4. f4 a6 5. a4 Nf6 6. e5 Nfd7 7.
e6 fxe6 8. Nf3 O-O 9. h4 c5 10. Be3 cxd4 11. Bxd4 Rxf4 12. Bxg7 Kxg7 13. Qd2 Qf8 14.
O-O-O Nc6 15. h5 Nde5 16. hxg6 hxg6 17. Ne2 Rxa4 18. Qh6+ Kf7 19. Ng5+ Ke8 20. Qxf8+ Kxf8 21. Rh8+ Kg7 22. Rh7+ Kf6 23. Nf3 Ra1+ 24. Kd2 Nxf3+ 25. gxf3 Rxd1+ 26. Kxd1 e5 27. Rh8 Kg7 28. Re8 Kf7 29.
Rh8 b5 30. Nc3 Bb7 31. Rh7+ Kg8 32. Rh6 Kg7 33. Rh1 Nd4 34. Rg1 b4 35. Ne2 Bxf3 36.
Kd2 Bxe2 37. Bxe2 Nxe2 38. Kxe2 Rc8 0-1

[Event "Late-Titled-Tuesday-Blitz-April-30-2024"]
[Site "Chess.com"]
[Date "2024.04.30"]
[Round "2"]
[White "GolfBeforeChess"]
[Black "mortngabriel"]
[Result "0-1"]
[WhiteElo "2308"]
[BlackElo "2525"]
[TimeControl "180+1"]
[EndTime "14:17:31 PDT"]
[Termination "mortngabriel won by resignation"]

1. Nf3 Nf6 2. c4 e6 3. g3 d5 4.
b3 Be7 5. Bg2 O-O 6. O-O d4 7.
d3 c5 8. e3 Nc6 9. Bb2 e5 10.
b4 cxb4 11. exd4 exd4 12. a3 h6 13. axb4 Bxb4 14. Qb3 Re8 15. Na3 Bc5 16. Rfe1 Rxe1+ 17. Rxe1 Qd6 18. Nb5 Qd7 19. Ne5 Qe7 20. Nf3 Qd8 21.
Ne5 Qa5 22. Ra1 Qb6 23. Nxc6 bxc6 24. Qc2 cxb5 25. Bxa8 b4 26. Qa4 Qe6 27. Bd5 Qe2 28.
Qb3 Nxd5 29. cxd5 Bh3 30. d6 Qf3 0-1

[Event "Late-Titled-Tuesday-Blitz-April-30-2024"]
[Site "Chess.com"]
[Date "2024.04.30"]
[Round "2"]
[White "CDOEspiao"]
[Black "Kobalia"]
[Result "0-1"]
[WhiteElo "2543"]
[BlackElo "2776"]
[TimeControl "180+1"]
[EndTime "14:17:32 PDT"]
[Termination "Kobalia won by resignation"]

1. Nf3 g6 2. d4 Bg7 3. c4 d6 4.
Nc3 Nf6 5. e4 O-O 6. Be2 e5 7. O-O Nc6 8. d5 Ne7 9. Ne1 Ne8 10. Nd3 f5 11. Bd2 Nf6 12. f3 f4 13.
c5 g5 14. cxd6 cxd6 15. Nf2 a6 16. Qc2 h5 17. h3 Qe8 18. Rfc1 Qg6 19. Qd1 Kh8 20.
Na4 Nd7 21. Rc7 b5 22. Nc3 Ng8 23. Rc1 Nh6 24. a4 b4 25. Na2 a5 26. R1c6 Nf7 27.
Nc1 Nf6 28. Nb3 Bd7 29. Ra6 Rxa6 30. Bxa6 Bxa4 31. Bc4 g4 32. hxg4 hxg4 33. Nxg4 Nxg4 34.
fxg4 Ng5 35. Qa1 Bxb3 36. Bxb3 f3 37. Bd1 f2+ 38. Kf1 Nxe4 39. Bf3 Nxd2+ 40. Kxf2 e4 41. Ke3 Bh6+ 42. g5 Bxg5+ 43. Kf2 exf3 44. Qh1+ Bh6 45. gxf3 Nxf3 46. Ke2 Nd4+ 47. Kd1 Qb1+ 0-1

[Event "Late-Titled-Tuesday-Blitz-April-30-2024"]
[Site "Chess.com"]
[Date "2024.04.30"]
[Round "2"]
[White "HonzaVykouk"]
[Black "ural58"]
[Result "1-0"]
[WhiteElo "2753"]
[BlackElo "2538"]
[TimeControl "180+1"]
[EndTime "14:17:32 PDT"]
[Termination "HonzaVykouk won on time"]

1. c4 e5 2. d3 b6 3. Nc3 Bb7 4. e4 f5 5. exf5 Qf6 6. Qh5+ g6 7. fxg6 hxg6 8. Qe2 Bb4 9. Bd2 Ne7 10. a3 Bxc3 11. Bxc3 d6 12. Nf3 Bxf3 13. Qxf3 Qxf3 14. gxf3 Nbc6 15. f4 O-O 16. fxe5 dxe5 17. Bg2 Rad8 18. Rd1 Nd4 19. Bxd4 Rxd4 20. O-O Rfd8 21. Be4 Nf5 22. Rde1 Rf8 23. f4 exf4 24. Rxf4 Kg7 25. Ref1 Rf7 26. Rg4 Nd6 27. Rxf7+ Nxf7 28. Rxg6+ Kf8 29. Rf6 Ke7 30.
Rc6 Kd7 31. Rg6 Nd6 32. Rg7+ Kd8 33. Bh7 b5 34. c5 Ne8 35. Rg8 b4 36. Bg6 Rxd3 37.
Rxe8+ Kd7 38. Bxd3 1-0

[Event "Late-Titled-Tuesday-Blitz-April-30-2024"]
[Site "Chess.com"]
[Date "2024.04.30"]
[Round "2"]
[White "Jospem"]
[Black "xasid81"]
[Result "1-0"]
[WhiteElo "3122"]
[BlackElo "2653"]
[TimeControl "180+1"]
[EndTime "14:17:33 PDT"]
[Termination "Jospem won by resignation"]

1. e4 c6 2. d4 d5 3. e5 c5 4. dxc5 e6 5. Bd3 Nd7 6. Nf3 Nxc5 7. O-O Nxd3 8. Qxd3 Ne7 9. Re1 Nc6 10. c3 Be7 11.
Nbd2 O-O 12. Nb3 f6 13. Bf4 fxe5 14. Bxe5 Bf6 15. Nbd4 Nxe5 16. Nxe5 Bxe5 17. Rxe5 Qf6 18. Qe3 Re8 19. Rxd5 e5 20. Re1 e4 21. Qg5 Qf7 22. Re5 Rxe5 23. Qxe5 Bd7 24. Qxe4 Re8 25. Qb1 Rxe1+ 26.
Qxe1 Qxa2 27. Qc1 h6 28. h3 Qd5 29. Qf4 a5 30. f3 a4 31. Qc7 Kh7 32. h4 Kg8 33.
Kf2 Kh7 34. g4 Bc6 35. Qf4 Bd7 36. g5 hxg5 37. hxg5 Kg6 38. Qf8 Qxg5 39. Qd6+ Kh7 40. Qxd7 Qd2+ 41. Kg3 Qe1+ 42. Kf4 Qd2+ 43. Ke4 Qxb2 44.
Qf5+ Kh8 45. Qh5+ Kg8 46. Qe8+ Kh7 47. Qxa4 Qxc3 48. Qd1 Qc8 49. Qb1 Kh8 50. Qb5 Qc7 51.
Qh5+ Kg8 52. Qd5+ Kh7 53. Ne6 Qe7 54. f4 b6 55. Kf3 Kh8 56. Qa8+ Kh7 57. Ng5+ Kg6 58.
Qc6+ Qf6 59. Qe4+ Qf5 60. Qe8+ Kh6 61. Qh8+ 1-0

[Event "Late-Titled-Tuesday-Blitz-April-30-2024"]
[Site "Chess.com"]
[Date "2024.04.30"]
[Round "2"]
[White "zacachess"]
[Black "english_player_89"]
[Result "0-1"]
[WhiteElo "2330"]
[BlackElo "2530"]
[TimeControl "180+1"]
[EndTime "14:17:33 PDT"]
[Termination "english_player_89 won by resignation"]

1. e4 e5 2. Nf3 Nc6 3. d4 exd4 4.
Nxd4 Bc5 5. Nb3 Bb6 6. Nc3 Nf6 7. Qe2 O-O 8. Bg5 a5 9. a4 Nd4 10. Qd3 Nxb3 11. cxb3 Bxf2+ 12. Kd1 h6 13. Bf4 d6 14.
Kc2 Be6 15. h3 Nd7 16. g4 Bxb3+ 17. Kb1 Qf6 18. Bc1 Nc5 19. Qe2 Rfe8 20. h4 Bd4 21. g5 Qg6 22. h5 Qh7 23. g6 fxg6 24. Ra3 Bxc3 25. Rxb3 Rxe4 26. Qc2 Bb4 27. Rg3 g5 28. Bh3 Rf8 29. Rhg1 Re2 30. Qg6 Rf6 31. Rxg5 hxg5 32. Rxg5 Rxg6 33. hxg6 Qxh3 0-1

[Event "Late-Titled-Tuesday-Blitz-April-30-2024"]
[Site "Chess.com"]
[Date "2024.04.30"]
[Round "2"]
[White "diokletian"]
[Black "Hikaru"]
[Result "1-0"]
[WhiteElo "2677"]
[BlackElo "3216"]
[TimeControl "180+1"]
[EndTime "14:17:35 PDT"]
[Termination "diokletian won by checkmate"]

1. d4 b6 2. e4 Bb7 3. Nc3 e6 4.
Bd3 Bb4 5. Ne2 d5 6. exd5 Qxd5 7. Nf4 Qd7 8. O-O Nf6 9. a3 Bd6 10. Re1 O-O 11. Nh5 Be7 12. Bf4 Nc6 13. Nxf6+ Bxf6 14. d5 Nd4 15. Ne4 Be7 16. dxe6 fxe6 17. Be5 Nf5 18. Qg4 c5 19. Rad1 Rad8 20. Bc4 Qc6 21. Rxd8 Rxd8 22. Qxf5 Bc8 23. Qg4 Bf8 24. Nf6+ Kh8 25.
Qh4 h6 26. Ng4 Qe8 27. Nxh6 Be7 28. Nf7+ Kg8 29. Qh8+ Kxf7 30. Qxg7# 1-0

[Event "Late-Titled-Tuesday-Blitz-April-30-2024"]
[Site "Chess.com"]
[Date "2024.04.30"]
[Round "2"]
[White "zano2023"]
[Black "JiangoFett"]
[Result "0-1"]
[WhiteElo "2133"]
[BlackElo "2460"]
[TimeControl "180+1"]
[EndTime "14:17:36 PDT"]
[Termination "JiangoFett won by resignation"]

1. d4 Nf6 2. Nd2 b6 3. e4 d6 4.
Ngf3 Bb7 5. Bd3 g6 6. O-O Bg7 7. Re1 O-O 8. Nf1 Nbd7 9. Ng3 e5 10. c3 Re8 11. h3 a6 12. Bg5 h6 13. Bd2 Kh7 14. Nh2 exd4 15. cxd4 c5 16. Bc3 b5 17.
e5 dxe5 18. dxe5 Nd5 19. e6 Nxc3 20. bxc3 Rxe6 21. Rxe6 fxe6 22. Qg4 Ne5 23. Bxg6+ Nxg6 24. Qxe6 Qd5 25. Qxd5 Bxd5 26. Rd1 Bxa2 27. Rd7 Rf8 28.
Nh5 Rf7 29. Rd6 Bxc3 30. Rxa6 Bc4 31. Ng4 b4 32. Rc6 Bd4 33. Ngf6+ Kh8 34. Rc8+ Rf8 35. Rc6 b3 36. Ne4 b2 37. Rb6 Bd3 38. Nxc5 Bxf2+ 39.
Kh2 b1=Q 0-1

[Event "Late-Titled-Tuesday-Blitz-April-30-2024"]
[Site "Chess.com"]
[Date "2024.04.30"]
[Round "2"]
[White "1800_strength"]
[Black "Klendi"]
[Result "1-0"]
[WhiteElo "2807"]
[BlackElo "2423"]
[TimeControl "180+1"]
[EndTime "14:17:37 PDT"]
[Termination "1800_strength won by resignation"]

1. g4 d5 2. Bg2 Bxg4 3. c4 c6 4. Qb3 e6 5. cxd5 exd5 6. Qxb7 Nd7 7. Nc3 Qc8 8. Qxc8+ Rxc8 9. d4 Ngf6 10. Bf4 h6 11. Nf3 Nh5 12. Bd2 Bd6 13. O-O O-O 14. Rac1 Rfe8 15. e3 Nhf6 16. Rfe1 c5 17. Nb5 Bb8 18. dxc5 Nxc5 19. Nfd4 a6 20. Na3 Nd3 21. Rxc8 Rxc8 22. Rb1 Ne4 23. Be1 Bh5 24. f3 Nd6 25. Bg3 Nc4 26.
Nxc4 dxc4 27. Bf1 Bg6 28. Bxb8 Rxb8 29. e4 Rxb2 30. Bxd3 Rd2 31. Bxc4 Rxd4 32. Bd5 Kh7 33. Rb6 f5 34. Rd6 fxe4 35. Bg8+ Kxg8 36. Rxd4 exf3 37.
Rd6 a5 38. Rxg6 1-0

[Event "Late-Titled-Tuesday-Blitz-April-30-2024"]
[Site "Chess.com"]
[Date "2024.04.30"]
[Round "2"]
[White "h4parah5"]
[Black "kylelancman"]
[Result "1-0"]
[WhiteElo "3030"]
[BlackElo "2512"]
[TimeControl "180+1"]
[EndTime "14:17:38 PDT"]
[Termination "h4parah5 won on time"]

1. Nf3 c5 2. e4 g6 3. d4 cxd4 4. Nxd4 Nc6 5. Nc3 Bg7 6. Nb3 Nf6 7. g4 d6 8. g5 Nd7 9. h4 Nc5 10. f3 Be6 11. Be3 b6 12. Nd4 Qd7 13. Bb5 Bxd4 14. Bxd4 Rg8 15. Nd5 Qb7 16. Be3 a6 17. Be2 Rc8 18.
c3 b5 19. b3 Ne5 20. Rc1 Bxd5 21. exd5 Ned7 22. f4 Nb6 23. Bf3 a5 24. Kf2 Qa6 25. h5 b4 26. c4 a4 27. hxg6 hxg6 28. Bg4 Ra8 29. Bxc5 dxc5 30. Re1 axb3 31. axb3 Qa2+ 32. Re2 Qa7 33. Qd3 Rd8 34. Rce1 Nc8 35. Bxc8 Rxc8 36.
Qh3 Rc7 37. d6 Rd7 38. Rxe7+ Kd8 39. Qh7 Rf8 40. Qg7 Qa2+ 41. R1e2 1-0

[Event "Late-Titled-Tuesday-Blitz-April-30-2024"]
[Site "Chess.com"]
[Date "2024.04.30"]
[Round "2"]
[White "canary2016"]
[Black "db-banana"]
[Result "0-1"]
[WhiteElo "2159"]
[BlackElo "2474"]
[TimeControl "180+1"]
[EndTime "14:17:38 PDT"]
[Termination "db-banana won on time"]

1. d4 Nf6 2. c4 c5 3. d5 e6 4. Nc3 exd5 5. cxd5 d6 6. Nf3 g6 7. Bf4 Bg7 8. h3 O-O 9. e3 Re8 10. Bd3 a6 11. a4 b6 12. O-O Bb7 13. Bc2 Qe7 14.
Bg5 h6 15. Bf4 Nbd7 16. Re1 Nh5 17. Bh2 Ne5 18. Ne4 Rad8 19. Rb1 Nxf3+ 20. Qxf3 Bxd5 21. g4 Bxe4 22. Bxe4 Qxe4 23. Qxe4 Rxe4 24. gxh5 Rxa4 25. hxg6 fxg6 26. Red1 Bf8 27. Rd5 Kf7 28. Rbd1 Ke6 29.
Bf4 g5 30. Bg3 Rb4 31. R5d2 d5 32. f3 Rd7 33. Kf2 d4 34. exd4 cxd4 35. Re2+ Kd5 36. Re5+ Kc4 37. Re8 Bc5 38. Rc1+ Kb5 39. Re6 d3+ 40. Kg2 Rxb2+ 41. Kh1 d2 42. Rd1 Rc2 0-1

[Event "Late-Titled-Tuesday-Blitz-April-30-2024"]
[Site "Chess.com"]
[Date "2024.04.30"]
[Round "2"]
[White "MeisterJabo"]
[Black "martinmena"]
[Result "1-0"]
[WhiteElo "2454"]
[BlackElo "2119"]
[TimeControl "180+1"]
[EndTime "14:17:38 PDT"]
[Termination "MeisterJabo won by resignation"]

1. c4 e6 2. g3 d5 3. Bg2 Nf6 4. Nf3 Be7 5. O-O O-O 6. d4 dxc4 7. Ne5 Nc6 8. Nxc6 bxc6 9. Na3 Rb8 10. Nxc4 Ba6 11. Ne5 Rb6 12. Nxc6 Qe8 13. Qc2 Nd5 14.
Nxe7+ Qxe7 15. a3 Bb5 16. Re1 Rc6 17. Qd1 a5 18. Bd2 Ra8 19. e4 Nb6 20. Rc1 Rxc1 21. Qxc1 Nc4 22. Bc3 a4 23. d5 exd5 24. exd5 Qd6 25.
Qg5 f6 26. Qg4 Ne5 27. Bxe5 fxe5 28. Qe6+ Qxe6 29. dxe6 Rd8 30. h4 Kf8 31. e7+ Kxe7 32. Rxe5+ Kf6 33. Rxb5 Rd1+ 34. Kh2 Rd2 35. f4 c6 36. Rb4 c5 37. Rxa4 Rxb2 38. Rc4 Rb5 39. a4 Ra5 40. Bc6 Ke6 41. Bb5 Kd5 42. Rc1 Kd4 43.
Rd1+ Kc3 44. Rd7 Kb4 45. Rxg7 c4 46. Rxh7 c3 47. Rc7 Kb3 48. h5 c2 49. h6 Kb2 50.
h7 Ra8 51. Rxc2+ Kxc2 52. Bc4 Ra7 53. Bg8 Rxh7+ 54. Bxh7+ Kc3 55. f5 Kb4 56. f6 Kxa4 57. f7 Kb5 58. f8=Q Kc4 59. Qf4+ Kc3 60. Be4 Kb3 61.
Qe3+ Kb2 62. g4 Ka2 63. g5 Ka1 64. g6 Kb2 65. g7 1-0

[Event "Late-Titled-Tuesday-Blitz-April-30-2024"]
[Site "Chess.com"]
[Date "2024.04.30"]
[Round "2"]
[White "dvglko"]
[Black "th3d4rkness"]
[Result "1-0"]
[WhiteElo "2471"]
[BlackElo "2163"]
[TimeControl "180+1"]
[EndTime "14:17:39 PDT"]
[Termination "dvglko won by resignation"]

1. e4 c5 2. Nf3 Nc6 3. Bb5 Nd4 4. Nxd4 cxd4 5. O-O Nf6 6. d3 a6 7. Ba4 b5 8. Bb3 Bb7 9. f4 e6 10. Nd2 d5 11. e5 Nd7 12. Nf3 Qb6 13. Ng5 Nc5 14.
f5 Nxb3 15. axb3 Be7 16. fxe6 Bxg5 17. exf7+ Kf8 18. Bxg5 h6 19. Bd2 b4 20. Qe1 a5 21. e6 Qd6 22. Bf4 Qe7 23. Qe5 Bc6 24. Qd6 Bb7 25. Rxa5 1-0

[Event "Late-Titled-Tuesday-Blitz-April-30-2024"]
[Site "Chess.com"]
[Date "2024.04.30"]
[Round "2"]
[White "SergioMoralesG"]
[Black "QuintilianoR"]
[Result "1-0"]
[WhiteElo "2466"]
[BlackElo "2702"]
[TimeControl "180+1"]
[EndTime "14:17:40 PDT"]
[Termination "SergioMoralesG won by resignation"]

1. d4 Nf6 2. c4 e6 3. Nf3 Bb4+ 4. Nbd2 O-O 5. a3 Be7 6. e3 d6 7. Bd3 c5 8. b4 a5 9. b5 b6 10. dxc5 dxc5 11. Qc2 Bb7 12. Bb2 Nbd7 13. O-O-O Qc7 14. Rhg1 Bd6 15. g4 g6 16. Ne4 Bxe4 17. Bxe4 Rad8 18. h4 Be5 19. Bc6 Bxb2+ 20. Qxb2 Ne8 21. h5 Nb8 22. Bxe8 Rdxe8 23. Ng5 Qb7 24.
Qf6 Qe7 25. Ne4 Qxf6 26. Nxf6+ Kg7 27. Nxe8+ Rxe8 28. Rd6 1-0

[Event "Late-Titled-Tuesday-Blitz-April-30-2024"]
[Site "Chess.com"]
[Date "2024.04.30"]
[Round "2"]
[White "CarlosjPineror"]
[Black "Heliosis11"]
[Result "1-0"]
[WhiteElo "2695"]
[BlackElo "2394"]
[TimeControl "180+1"]
[EndTime "14:17:43 PDT"]
[Termination "CarlosjPineror won by resignation"]

1. e4 c5 2. Nf3 e6 3. d4 cxd4 4. Nxd4 Nc6 5. Nxc6 bxc6 6. Bd3 d5 7. O-O Nf6 8. Nc3 Be7 9. Qe2 O-O 10. b3 Nd7 11.
Na4 Bf6 12. Rb1 Qc7 13. c4 d4 14. f4 e5 15. f5 Be7 16. Bd2 f6 17. Rfc1 c5 18.
Qg4 Nb6 19. Nb2 Bd6 20. Rf1 Rf7 21. Rf3 Nd7 22. Rh3 Nf8 23. Rf1 Bd7 24. b4 Be8 25. b5 a6 26. a4 axb5 27. cxb5 Kh8 28. Bc4 Re7 29. Bd5 Rb8 30. Nc4 Bf7 31. b6 Rxb6 32. Bxf7 Rxf7 33. Ba5 Nd7 34. Qh5 Kg8 35. Qxh7+ Kf8 36.
Qh8+ Ke7 37. Rh7 Qb8 38. Bxb6 Rf8 39. Qxg7+ 1-0